 Dungeon Crawl Stone Soup version 0.30.1-4-g462c640d31 (webtiles) character file.

Game seed: 14068017902718985684

99567 Peloso the Peltast (level 15, -11/139 HPs)
             Began as a Minotaur Fighter on Aug 18, 2023.
             Was the Champion of Okawaru.
             Shot with an arrow by a deep elf archer (15 damage)
             ... on level 1 of the Elven Halls.
             The game lasted 01:10:31 (30737 turns).

Peloso the Peltast (Minotaur Fighter)              Turns: 30737, Time: 01:10:32

Health: -11/139    AC: 27    Str: 27    XL:     15   Next: 78%
Magic:  25/25      EV: 17    Int:  5    God:    Okawaru [******]
Gold:   1611       SH: 16    Dex: 14    Spells: 14/14 levels left

rFire   + . .        a - +10 scimitar of Balance {elec, Will+}
rCold   + . .        d - +1 kite shield of Honesty {+Blink MP+9 Str+3}
rNeg    . . .        H - +4 chain mail of Altruism {rElec Slay+6}
rPois   .            N - +2 hat
rElec   +            p - +2 cloak
rCorr   .            l - +0 pair of gloves
SInv    .            x - +1 pair of boots {Fly}
Will    +++..        (no amulet) Stlth
                     X - ring "Hicw" {rF+ rC+ EV+5}
HPRegen 0.43/turn    G - ring of willpower
MPRegen 0.19/turn

%: no passive effects
@: about to teleport, flying
A: horns 2, retaliatory headbutt
a: Renounce Religion, Evoke Blink, Heroism, Finesse, Duel


You were on level 1 of the Elven Halls.
You worshipped Okawaru.
Okawaru was exalted by your worship.
You visited 5 branches of the dungeon, and saw 24 of its levels.
You also visited: Sewer.

You collected 2938 gold pieces.
You spent 1327 gold pieces at shops.

Inventory:

Hand Weapons
 a - the +10 scimitar of Balance (weapon) {elec, Will+}
   (You found it on level 5 of the Lair of Beasts)

   Will:      It increases your willpower.
 b - the +3 falchion "Dragon's Tongue" {antimagic, Drain rF+ Str+5}
   (Okawaru gifted it to you on level 5 of the Lair of Beasts)

   Str:       It affects your strength (+5).
   rF:        It protects you from fire.
   Drain:     It drains your maximum health when unequipped.
 S - a +1 short sword of flaming
Armour
 d - the +1 kite shield of Honesty (worn) {+Blink MP+9 Str+3}
   (You found it on level 2 of the Dungeon)

   Str:       It affects your strength (+3).
   MP:        It affects your magic capacity (+9).
   +Blink:    It lets you blink.
 l - a +0 pair of gloves (worn)
 o - a +0 plate armour of cold resistance
 p - a +2 cloak (worn)
 v - a +2 plate armour of willpower
 x - a +1 pair of boots of flying (worn)
 H - the +4 chain mail of Altruism (worn) {rElec Slay+6}
   (You bought it in a shop on level 2 of the Orcish Mines)

   Slay:      It affects your accuracy & damage with ranged weapons and melee
   (+6).
   rElec:     It insulates you from electricity.
 N - a +2 hat (worn)
Jewellery
 k - a ring of see invisible
 t - a ring of flight
 y - a ring of poison resistance
 G - a ring of willpower (right hand)
 X - the ring "Hicw" (left hand) {rF+ rC+ EV+5}
   (You bought it in a shop on level 2 of the Orcish Mines)

   [ring of evasion]

   EV:        It affects your evasion (+5).
   rF:        It protects you from fire.
   rC:        It protects you from cold.
Scrolls
 c - a scroll of brand weapon
 h - 2 scrolls of immolation
 i - 8 scrolls of teleportation
 s - 2 scrolls of identify
 u - 3 scrolls of poison
 A - 5 scrolls of blinking
 F - 2 scrolls of enchant armour
 J - 9 scrolls of magic mapping
 O - 4 scrolls of fear
 U - 2 scrolls of acquirement
Potions
 m - 5 potions of curing
 n - 4 potions of might
 w - 2 potions of resistance
 E - a potion of berserk rage
 L - a potion of haste
 M - 5 potions of flight
 Y - 5 potions of invisibility


   Skills:
 + Level 14.7 Fighting
 + Level 2.5(10.6) Short Blades
 + Level 17.0(17.1) Long Blades
 + Level 14.4 Armour
 + Level 6.8 Dodging
 + Level 2.8 Stealth
 + Level 19.7 Shields
 + Level 3.1 Invocations
 + Level 2.0 Evocations


You had 14 spell levels left.
You didn't know any spells.
Your spell library contained the following spells:

 Spells                   Type           Power      Damage    Failure   Level
 Foxfire                  Conj/Fire      0%         2x1d4     90%         1
 Kiss of Death            Conj/Necr      0%         2d5       90%         1
 Sandblast                Erth           0%         2d4       90%         1
 Blink                    Tloc           0%         N/A       97%         2
 Cigotuvi's Dreadful Rot  Necr/Pois/Air  0%         N/A       97%         2
 Ensorcelled Hibernation  Hex/Ice        0%         N/A       97%         2
 Passwall                 Tmut/Erth      0%         N/A       97%         2
 Sublimation of Blood     Necr           0%         N/A       97%         2
 Wereblood                Tmut           0%         N/A       97%         2
 Confusing Touch          Hex            0%         N/A       99%         3
 Dazzling Flash           Conj/Hex       0%         N/A       99%         3
 Ignite Poison            Fire/Tmut/Pois 0%         N/A       99%         3
 Portal Projectile        Hex/Tloc       0%         N/A       99%         3
 Spider Form              Tmut/Pois      0%         N/A       99%         3
 Stone Arrow              Conj/Erth      0%         3d7       99%         3
 Anguish                  Hex/Necr       0%         N/A       100%        4
 Cause Fear               Hex            0%         N/A       100%        4
 Dispel Undead            Necr           0%         3d6       100%        4
 Leda's Liquefaction      Hex/Erth       0%         N/A       100%        4
 Passage of Golubria      Tloc           0%         N/A       100%        4
 Agony                    Necr           0%         N/A       100%        5
 Fireball                 Conj/Fire      0%         3d3       100%        5
 Freezing Cloud           Conj/Ice/Air   0%         6-21      100%        5
 Silence                  Hex/Air        0%         N/A       100%        5
 Yara's Violent Unravell  Hex/Tmut       0%         3d3       100%        5
 Plasma Beam              Fire/Air       0%         2x1d11    100%        6
 Starburst                Conj/Fire      0%         6d3       100%        6
 Dragon Form              Tmut           0%         N/A       100%        7
 Call Canine Familiar     Summ           Unusable   N/A       N/A         3
 Tukima's Dance           Hex            Unusable   N/A       N/A         3
 Summon Hydra             Summ           Unusable   N/A       N/A         7
 Dragon's Call            Summ           Unusable   N/A       N/A         9

Dungeon Overview and Level Annotations

Branches:
Dungeon (15/15)            Temple (1/1) D:5            Lair (5/5) D:10
 Shoals (0/4) Lair:3       Spider (0/4) Lair:3        Slime (0/5) Lair:5
    Orc (2/2) D:9             Elf (1/3) Orc:2        Vaults (0/5) D:14
 Depths (0/4) D:15          Sewer (visited)

Altars:
Dithmenos
Fedhas
Hepliaklqana
Okawaru
Qazlal
Ru
Uskayaw
Vehumet
Wu Jian
Yredelemnul
The Shining One
Jiyva
Lugonu

Shops:
D:3 (   D:9 [(   D:12 (   Orc:1 *   Orc:2 *([*=

Portals:
Abyss: Lair:5
Trove: D:13 (give +2 ice dragon scales)

Annotations:
D:15 Casa


Innate Abilities, Weirdness & Mutations

You have a pair of horns on your head.
You reflexively headbutt those who attack you in melee.


Message History

Unknown command.
As you read the scroll of teleportation, it crumbles to dust.
You feel strangely unstable.
The +4 vampiric trident hits you but does no damage.
The deep elf pyromancer points at you and mumbles some strange words.
The bolt of fire misses you.
The deep elf archer unwields a +0 shortbow.
The deep elf archer wields a +0 dagger.
The deep elf archer hits you but does no damage.
The +4 vampiric trident barely misses you.
You hear a shout!
You slash the deep elf archer!
The deep elf archer is severely wounded.
The deep elf pyromancer hits you with a +0 long sword.
* * * LOW HITPOINT WARNING * * *
You block the +4 vampiric trident's attack.
The deep elf archer hits you but does no damage.
Unknown command.
You closely miss the deep elf archer.
The deep elf archer is severely wounded.
The +4 vampiric trident hits you.
* * * LOW HITPOINT WARNING * * *
The +4 vampiric trident draws strength from your wounds!
The deep elf pyromancer gestures at you while chanting.
The sticky flame misses you.
The deep elf archer shoots an arrow.
The arrow hits you!!
* * * LOW HITPOINT WARNING * * *
Unknown command.
You slice the deep elf archer!!
The deep elf archer is almost dead.
You block the +4 vampiric trident's attack.
Unknown command.
You barely miss the deep elf archer.
Your headbutt misses the deep elf archer.
The deep elf archer is almost dead.
The +4 vampiric trident barely misses you.
You furiously retaliate!
You headbutt the +4 vampiric trident!
You block the deep elf pyromancer's attack.
The deep elf archer shoots an arrow.
The arrow hits you!
You die...

.........#...#...#...#
##+#######)..#...#...#
.e...........#...#...#
...°e○.)..)..+...#...#
..○.°○E°)....#...#...#
...e..E°☼....#...#...#
########e○...# ..#...#
##.)#☼...#####...#
#@..#............#
#e(e##............#
.....##.....#####...#
#.#...###.....#...#...#
##.# #...e..#...#...#
#. ##......#...#...# #.
#.......#...#...#
..##.......#...#...#
#........#...#...#


You could see 2 deep elf archers, a deep elf pyromancer and a +4 vampiric
trident.

Vanquished Creatures
  Rupert (Orc:1)
  Frances (D:14)
  Kirke (D:12)
  Agnes (D:14)
  3 orc warlords
  Nessos (D:12)
  Josephine (D:14)
  A hydra (shapeshifter) (D:14)
  An ogre mage (Orc:2)
  An ice dragon (D:11)
  2 hydras
  Erolcha (D:12)
  A catoblepas (Lair:4)
  A death knight (D:14)
  A centaur warrior (D:11)
  4 dancing weapons (Elf:1)
  6 two-headed ogres
  5 boulder beetles
  A death yak (Lair:2)
  Urug (Orc:2)
  4 thrashing horrors (Lair:5)
  3 orc high priests (Orc:2)
  3 deep elf knights (Elf:1)
  13 skeletal warriors
  A fire crab (shapeshifter) (Lair:5)
  2 skysharks
  A glowing orange brain (shapeshifter) (D:15)
  A glowing orange brain (D:15)
  A lindwurm (Lair:5)
  2 slime creatures (D:15)
  Pikel (D:8)
  2 deep elf zephyrmancers (Elf:1)
  4 orc knights
  A lindwurm (shapeshifter) (D:13)
  8 deep elf pyromancers
  A wolf spider (D:11)
  3 cyclopes
  2 manticores
  17 ugly things
  4 orc sorcerers (Orc:2)
  An oklob plant (Lair:3)
  Maurice (D:11)
  3 black mambas
  A merfolk siren (Lair:3)
  A torpor snail (Lair:2)
  8 elephants
  A smoke demon (Lair:5)
  A gargoyle (D:12)
  7 cane toads
  2 unseen horrors
  4 yaktaurs
  4 rime drakes
  11 komodo dragons
  2 ancient zymes (Lair:5)
  A wind drake (shapeshifter) (D:14)
  A meliai (shapeshifter) (D:15)
  9 trolls
  2 polar bears
  Prince Ribbit (D:9)
  A hornet (D:11)
  12 blink frogs
  7 dream sheep (Lair:5)
  A jumping spider (shapeshifter) (D:15)
  A spriggan (Lair:5)
  35 yaks
  A vampire (D:13)
  5 wraiths
  4 ynoxinuls (Lair:5)
  3 humans (D:12)
  A water elemental (Elf:1)
  4 wyverns
  4 hogs (D:12)
  7 basilisks
  A chaos spawn (Lair:5)
  3 steam dragons
  3 wargs
  4 vampire mosquitoes (D:12)
  Menkaure (D:4)
  9 water moccasins
  Pargi (D:3)
  A sky beast (D:6)
  A black bear (D:6)
  39 orc warriors
  A tengu (shapeshifter) (D:14)
  7 ogres
  4 boggarts (D:14)
  2 ice beasts
  3 centaurs
  12 wolves
  3 lemures (D:8)
  A phantom (D:5)
  3 kobold brigands (D:10)
  13 bullfrogs
  4 wights (D:6)
  8 small abominations (Lair:5)
  An electric eel (Lair:5)
  A quasit (D:5)
  4 hounds
  16 jellies
  3 gnoll boudas
  28 orc priests
  Terence (D:3)
  Natasha (thrice) (D:3)
  2 iguanas (D:4)
  34 orc wizards
  A sleepcap (D:5)
  Robin (D:3)
  8 gnolls
  A river rat (D:3)
  14 adders
  7 white imps
  2 ufetubi
  2 worms (D:2)
  5 dart slugs
  96 orcs
  6 bats
  22 endoplasms
  6 giant cockroaches
  9 goblins
  10 hobgoblins
  11 jackals
  3 quokkas
  14 ball pythons
  5 frilled lizards
  18 kobolds
  13 rats
727 creatures vanquished.

Vanquished Creatures (others)
  A deep elf knight (Elf:1)
  A deep elf archer (Elf:1)
  2 orc wizards
  3 orcs (D:9)
7 creatures vanquished.

Grand Total: 734 creatures vanquished

Notes
Turn   | Place    | Note
-------+----------+-------------------------------------------
     0 | D:1      | Peloso the Minotaur Fighter began the quest for the Orb.
     0 | D:1      | Reached XP level 1. HP: 19/19 MP: 0/0
    11 | D:1      | Noticed an electric eel
   123 | D:1      | Reached XP level 2. HP: 27/27 MP: 1/1
   312 | D:1      | Found a faded altar of an unknown god.
   406 | D:1      | Reached skill level 4 in Shields
   457 | D:1      | Reached XP level 3. HP: 31/33 MP: 2/2
   972 | D:2      | Reached XP level 4. HP: 33/40 MP: 3/3
  1080 | D:2      | Reached skill level 1 in Dodging
  1275 | D:2      | Identified the +1 kite shield of Honesty {+Blink MP+9
                  | Str+3}
  1460 | D:2      | Found Apnao's Distillery.
  1582 | D:3      | Noticed Robin
  1590 | D:3      | Killed Robin
  1622 | D:3      | Noticed Terence
  1644 | D:3      | Killed Terence
  1645 | D:3      | Reached XP level 5. HP: 30/46 MP: 4/4
  1671 | D:3      | Noticed Natasha
  1677 | D:3      | Killed Natasha
  1707 | D:3      | Noticed Pargi
  1724 | D:3      | Killed Pargi
  1725 | D:3      | Reached skill level 5 in Long Blades
  1725 | D:3      | Reached XP level 6. HP: 47/52 MP: 5/5
  1839 | D:3      | Found Viwesyba's Weapon Emporium.
  1967 | D:3      | Found a glowing drain.
  1967 | D:3      | Noticed Natasha
  1974 | D:3      | Reached skill level 5 in Armour
  1985 | D:3      | Killed Natasha
  2003 | Sewer    | Entered a sewer
  2173 | Sewer    | Reached skill level 5 in Shields
  2185 | Sewer    | Found a viscous altar of Jiyva.
  2646 | D:3      | Noticed Natasha
  2654 | D:3      | Killed Natasha
  3003 | D:4      | Found a sacrificial altar of Ru.
  3027 | D:4      | Noticed Menkaure
  3033 | D:4      | Reached XP level 7. HP: 27/60 MP: 6/6
  3038 | D:4      | Killed Menkaure
  3039 | D:4      | Reached skill level 5 in Fighting
  3551 | D:5      | Entered Level 5 of the Dungeon
  3861 | D:5      | Reached skill level 1 in Stealth
  4220 | D:5      | Reached XP level 8. HP: 69/69 MP: 7/7
  4228 | D:5      | Reached skill level 6 in Shields
  4253 | D:5      | Found a staircase to the Ecumenical Temple.
  4484 | Temple   | Entered the Ecumenical Temple
  4557 | Temple   | Became a worshipper of Warmaster Okawaru
  5425 | D:6      | Reached * piety under Okawaru
  5743 | D:7      | Reached XP level 9. HP: 68/78 MP: 8/8
  5903 | D:7      | Found a glowing golden altar of the Shining One.
  6525 | D:7      | Reached skill level 7 in Shields
  6763 | D:8      | Reached ** piety under Okawaru
  6794 | D:8      | Noticed Pikel
  6819 | D:8      | Killed Pikel
  6820 | D:8      | Reached skill level 10 in Long Blades
  6825 | D:8      | Reached skill level 8 in Shields
  7247 | D:9      | Reached *** piety under Okawaru
  7306 | D:9      | Noticed a manticore
  7307 | D:9      | Noticed a boulder beetle
  7310 | D:9      | Noticed Prince Ribbit
  7555 | D:9      | Killed a boulder beetle
  7556 | D:9      | Reached skill level 9 in Shields
  7556 | D:9      | Reached XP level 10. HP: 69/86 MP: 9/9
  7627 | D:9      | Killed Prince Ribbit
  7717 | D:9      | Killed a manticore
  7801 | D:9      | Reached **** piety under Okawaru
  8120 | D:9      | Found a staircase to the Orcish Mines.
  8161 | D:9      | Found Aptocvua's Weapon Shop.
  8539 | D:9      | Found Vykkef's Armour Emporium.
  8649 | D:10     | Entered Level 10 of the Dungeon
  8658 | D:10     | Found a staircase to the Lair.
  8697 | D:9      | Reached skill level 10 in Shields
  8835 | D:10     | Reached ***** piety under Okawaru
  9007 | D:10     | Reached XP level 11. HP: 97/97 MP: 10/10
  9152 | D:10     | Got the Monograph on Distance
  9408 | D:10     | Identified the +0 ring mail of Ostem {rC- Int+6 Stlth+}
                  | (Okawaru gifted it to you on level 10 of the Dungeon)
  9408 | D:10     | Received a gift from Okawaru
  9601 | D:11     | Reached skill level 11 in Shields
 10085 | D:11     | Noticed a boulder beetle
 10124 | D:11     | Noticed a boulder beetle
 10163 | D:11     | Killed a boulder beetle
 10186 | D:11     | Killed a boulder beetle
 10457 | D:11     | Noticed a boulder beetle
 10476 | D:11     | Killed a boulder beetle
 10477 | D:11     | Reached skill level 1 in Invocations
 10710 | D:11     | Noticed a deep elf pyromancer
 10710 | D:11     | Noticed a centaur warrior
 10727 | D:11     | Killed a centaur warrior
 10737 | D:11     | Noticed a deep elf pyromancer
 11046 | D:11     | Noticed Maurice
 11079 | D:11     | Noticed a brown ugly thing
 11095 | D:11     | Killed a brown ugly thing
 11096 | D:11     | Reached skill level 10 in Armour
 11101 | D:11     | Killed Maurice
 11259 | D:11     | Noticed a purple ugly thing
 11268 | D:11     | Killed a purple ugly thing
 11436 | D:11     | Killed a deep elf pyromancer
 11437 | D:11     | Reached skill level 1 in Evocations
 11821 | D:11     | Noticed a cyan ugly thing
 11821 | D:11     | Noticed a wolf spider
 11821 | D:11     | Noticed an ice dragon
 11825 | D:11     | Killed a wolf spider
 11826 | D:11     | Reached skill level 12 in Shields
 11829 | D:11     | Killed a cyan ugly thing
 11830 | D:11     | Reached skill level 10 in Fighting
 11841 | D:11     | Killed an ice dragon
 11850 | D:11     | Identified the staff of cold "Pemuatom" {rC+ rN+ Dex+3
                  | Stlth+}
 11851 | D:11     | Identified the staff of fire "Jiasod" {rF+ Dex+3}
 11994 | Lair:1   | Entered Level 1 of the Lair of Beasts
 12005 | Lair:1   | Reached XP level 12. HP: 106/106 MP: 12/12
 13273 | Lair:2   | Noticed a death yak
 13294 | Lair:2   | Killed a death yak
 13295 | Lair:2   | Reached skill level 13 in Shields
 13507 | Lair:2   | Identified the +1 scale mail of Okawaru's Esteem {rN+++
                  | Will- Int-4} (Okawaru gifted it to you on level 2 of the
                  | Lair of Beasts)
 13507 | Lair:2   | Received a gift from Okawaru
 14488 | Lair:3   | Reached skill level 14 in Shields
 14508 | Lair:3   | Found a staircase to the Shoals.
 14767 | Lair:3   | Found a hole to the Spider Nest.
 15586 | D:12     | Noticed Erolcha
 15597 | D:12     | Killed Erolcha
 15641 | D:12     | Found Zan Uluj's Weapon Shop.
 15711 | D:12     | Reached XP level 13. HP: 104/116 MP: 13/13
 15713 | D:12     | Reached skill level 15 in Long Blades
 15844 | D:12     | Noticed Nessos
 16110 | D:12     | Noticed Kirke
 17273 | Orc:1    | Entered Level 1 of the Orcish Mines
 17302 | Orc:1    | Noticed an orc warlord
 17628 | D:9      | HP: 4/116 [orc warlord/+2 war axe of electrocution (20)]
 17640 | D:9      | Killed an orc warlord
 18535 | Orc:1    | Found Diatirgh's CLEARANCE SALE!.
 18543 | Orc:1    | Bought a scroll of magic mapping for 22 gold pieces
 18617 | Orc:1    | Noticed an orc warlord
 18668 | Orc:1    | Reached skill level 15 in Shields
 18827 | Orc:1    | Killed an orc warlord
 19138 | Orc:2    | Entered Level 2 of the Orcish Mines
 19178 | Orc:2    | Noticed Rupert
 19222 | Orc:1    | Killed Rupert
 20285 | Orc:2    | Found Momn's Assorted Antiques.
 20314 | Orc:2    | Bought a glowing hat for 175 gold pieces
 20414 | Orc:2    | Found a staircase to the Elven Halls.
 20530 | Orc:2    | Noticed Urug
 20555 | Orc:2    | Killed Urug
 20731 | Orc:2    | Reached skill level 16 in Shields
 21089 | Orc:2    | Reached skill level 5 in Dodging
 21250 | Orc:2    | Paralysed by an orc sorcerer for 3 turns
 21437 | Orc:2    | Noticed an orc warlord
 21472 | Orc:2    | Killed an orc warlord
 21630 | Orc:2    | Identified the +6 quarterstaff "Dragonslayer" {flame, rCorr
                  | Dex+7 SInv} (Okawaru gifted it to you on level 2 of the
                  | Orcish Mines)
 21630 | Orc:2    | Received a gift from Okawaru
 21631 | Orc:2    | Reached XP level 14. HP: 126/126 MP: 15/15
 21764 | Orc:2    | Found Wixt's Antique Armour Shop.
 21765 | Orc:2    | Found Poxzisat's Antique Weapon Shop.
 21767 | Orc:2    | Found Derrery's General Store.
 21767 | Orc:2    | Found Eraur's Jewellery Boutique.
 21783 | Orc:2    | Bought a brightly glowing chain mail for 218 gold pieces
 21783 | Orc:2    | Identified the +4 chain mail of Altruism {rElec Slay+6}
                  | (You bought it in a shop on level 2 of the Orcish Mines)
 21804 | Orc:2    | Bought the ring "Hicw" {rF+ rC+ EV+5} for 912 gold pieces
 22151 | D:12     | Killed Nessos
 22152 | D:12     | Reached skill level 17 in Shields
 22356 | D:12     | Killed Kirke
 22865 | D:12     | Identified a scroll of acquirement
 23972 | Lair:5   | Entered Level 5 of the Lair of Beasts
 24056 | Lair:5   | Found a viscous altar of Jiyva.
 24056 | Lair:5   | Found a staircase to the Slime Pits.
 25062 | Lair:5   | Reached skill level 18 in Shields
 25440 | Lair:5   | Identified the +10 scimitar of Balance {elec, Will+}
 25461 | Lair:5   | Identified the +3 falchion "Dragon's Tongue" {antimagic,
                  | Drain rF+ Str+5} (Okawaru gifted it to you on level 5 of
                  | the Lair of Beasts)
 25461 | Lair:5   | Received a gift from Okawaru
 25683 | Lair:5   | Reached ****** piety under Okawaru
 25812 | Lair:5   | Found a corrupted altar of Lugonu.
 25812 | Lair:5   | Found a one-way gate to the infinite horrors of the Abyss.
 25824 | Lair:5   | Identified the +7 ring mail of Gewkuf {Harm +Inv Str+2
                  | Int-4}
 26772 | D:13     | Reached XP level 15. HP: 137/137 MP: 16/16
 27128 | D:13     | Reached skill level 1 in Short Blades
 27177 | D:13     | Found a portal to a secret trove of treasure.
 27409 | D:14     | Noticed Frances
 27418 | D:14     | Killed Frances
 27496 | D:14     | Found a gate to the Vaults.
 27511 | D:14     | Received a gift from Okawaru
 27984 | D:14     | Found an ornate altar of the Wu Jian Council.
 28063 | D:14     | Reached skill level 19 in Shields
 28363 | D:14     | Identified the +3 ring mail of Iqojergh {*Corrode rPois
                  | rN+++ Regen+}
 28393 | D:15     | Entered Level 15 of the Dungeon
 28393 | D:15     | Noticed Agnes
 28393 | D:15     | Noticed Josephine
 28410 | D:14     | Killed Josephine
 28417 | D:14     | Killed Agnes
 28417 | D:14     | Identified the +0 ring mail of the Stone Wall {Contam rElec
                  | rC- Dex+10} (Okawaru gifted it to you on level 14 of the
                  | Dungeon)
 28417 | D:14     | Received a gift from Okawaru
 29589 | D:15     | Found a staircase to the Depths.
 30400 | Elf:1    | Entered Level 1 of the Elven Halls
 30710 | Elf:1    | Received a gift from Okawaru
 30735 | Elf:1    | HP: 3/139 [deep elf archer/arrow (18)]
 30737 | Elf:1    | Shot with an arrow by a deep elf archer

Illustrated notes

Levels and vault maps discovered:
D:1:      arrival_aquarium_a, layout_loops_ring,
          hellmonk_ecumenical_altar_lost_god, minmay_close_crescents
D:2:      layout_loops_ring, serial_shops, shop, minmay_misc_feat_more_columns,
          st_stairs_13, serial_park_tiny_1
D:3:      layout_basic, portal_sewer_entry_a, serial_shops, shop_statue,
          dreamdust_princess_bridge, nicolae_elevator_lobby_plus, uniq_terence,
          uniq_robin, uniq_natasha, uniq_pargi
D:4:      layout_rooms, mainiacjoe_overflow_chevrons, uniq_menkaure
D:5:      layout_rooms, minmay_temple_entry_waves, serial_demonic,
          serial_demonic_d, serial_demonic_f, serial_demonic_f,
          serial_demonic_d, chequers_serial_rivers_micro_e
D:6:      layout_loops_ring, serial_co_window_serial, co_window_paths_a,
          co_window_paths_a, co_window_paths_b, co_window_corner_a,
          co_window_paths_a, co_window_of_opportunity_a, co_window_corner_a,
          co_window_corner_a, co_window_of_opportunity_a, co_window_cross_4,
          co_window_cross_2, co_window_of_opportunity_b,
          co_window_unsneaky_path_e, co_window_corner_ca, glass_columns_b,
          minmay_misc_feat_cross, serial_bayou_pond_b
D:7:      layout_basic, tso_metal_star, chequers_avenue
D:8:      layout_cave_pools, uniq_pikel
D:9:      layout_loops_corners, orc_david_3, serial_shops, shop,
          minmay_mirror_moons_of_madness, uniq_prince_ribbit1
D:10:     layout_cave_pools, hellmonk_lair_entry_icy, minmay_unpleasant_kobolds
D:11:     minmay_shrinking_squares, layout_layer_cave, minmay_strange_pillars,
          uniq_maurice
D:12:     layout_cross, serial_shops, shop, uniq_nessos, uniq_erolcha,
          uniq_kirke
D:13:     layout_loops_ring, enter_trove_6
D:14:     layout_roguey, david_vaults_2, nicolae_wu_jian_immortal_techniques,
          uniq_frances
D:15:     gammafunk_enter_depths_forms, layout_cave_pools,
          hangedman_decor_diamond_cutter, uniq_agnes, uniq_josephine
Temple:   nicolae_temple_slightly_damp_pantheon
Lair:1:   layout_gridlike, chequers_serial_rivers_room_a
Lair:2:   layout_small_grid, minivault_25
Lair:3:   lemuel_slime, layout_regular_city, minmay_shoals_entry_lonely_mermaid,
          dummy_spider_entry, lemuel_fruit_fields
Lair:4:   layout_hall_layers
Lair:5:   hellmonk_lair_end_abyssal_woods, layout_regular_city, slime_entry_1,
          serial_bayou_crossing, infiniplex_staircase_pool
Orc:1:    layout_caves, nicolae_orc_bridge_out, nicolae_shop_clearance
Orc:2:    st_orc_congregation, layout_diamond_mine, serial_shops, shop,
          nicolae_orc_pool_cavern, uniq_urug, uniq_rupert
Elf:1:    minmay_the_grid_triangle_9x9_line_8_mashed
          [minmay_the_grid_triangle_9x9_sprig,
          minmay_the_grid_triangle_9x9_subtriangle,
          minmay_the_grid_triangle_9x9_intruding_spiral,
          minmay_the_grid_triangle_9x9_corrupted_corridor,
          minmay_the_grid_triangle_9x9_swiss_cheese,
          minmay_the_grid_triangle_9x9_alien,
          minmay_the_grid_triangle_9x9_from_above,
          minmay_the_grid_triangle_9x9_prize_schism], layout_onion_city,
          serial_shops, shop, chequers_big_river

Skill      XL: |  1  2  3  4  5  6  7  8  9 10 11 12 13 14 15 |
---------------+----------------------------------------------+-----
Armour         | 4 5 6 7 9 10 11 12 13 14 | 14.4
Fighting       | 4 5 6 7 9 10 11 12 13 14 | 14.7
Shields        | 4 5 6 9 10 12 14 16 18 19 | 19.7
Long Blades    | 3 4 5 6 7 9 10 12 13 14 15 16 17 | 17.0
Dodging        | 1 2 3 4 5 6 |  6.8
Stealth        | 1 2 |  2.8
Invocations    | 1 2 3 |  3.1
Evocations     | 1 2 |  2.0
Short Blades   | 2 |  2.5

Action                     |  1- 3 |  4- 6 |  7- 9 | 10-12 | 13-15 || total
---------------------------+-------+-------+-------+-------+-------++-------
  Melee: Long sword        |    86 |   154 |   383 |   924 |   357 ||  1904
         Headbutt          |    11 |    30 |    85 |   247 |   414 ||   787
         Falchion          |       |       |       |       |   781 ||   781
         Scimitar          |       |       |       |       |   371 ||   371
         Short sword       |       |       |       |       |    10 ||    10
 Invoke: Heroism           |       |       |     3 |    16 |    18 ||    37
  Evoke: Wand              |       |       |     1 |    11 |     9 ||    21
    Use: Potion            |     3 |       |       |     3 |    13 ||    19
         Scroll            |       |    10 |     3 |     6 |    13 ||    32
 Armour: Scale mail        |    46 |    62 |    60 |       |       ||   168
         Plate armour      |       |       |    55 |   419 |   204 ||   678
         Chain mail        |       |       |     4 |       |   213 ||   217
  Dodge: Dodged            |    46 |   100 |   201 |   332 |   744 ||  1423
  Block: Buckler           |    21 |     7 |       |       |       ||    28
         Kite shield       |       |    94 |   229 |   515 |  1097 ||  1935
